Map: Ruins of Seras

Players

Javert

  • Race: Zerg Zerg
  • League: Grandmaster

NightOwl - Winner!

  • Race: Zerg Zerg
  • League: Grandmaster

VOD

Have the link to the VOD?

Description

Time

  • Played on: June 27, 2015, 8:28 p.m.
  • Length: 5:06
Show
View Real Time Build Order
Export as new Build Order

Javert Zerg 

Build Orders: Hatch First 

Get SALT Encoding   

  12  0:01  Drone  
  13  0:12  Overlord  
  13  0:20  Drone  
  14  0:31  Drone x2  
  16  0:50  Hatchery  
  16  0:53  Drone  
  16  0:57  Extractor  
  16  0:59  Drone  
  16  1:01  Drone  
  17  1:19  Spawning Pool  
  17  1:23  Drone  
  17  1:24  Drone  
  18  1:30  Drone  
  19  1:40  Drone  
  20  1:50  Overlord  
  20  2:06  Metabolic Boost, Queen  
  20  2:07  Queen  
  24  2:17  Zergling x6  
  24  2:19  Zergling x2  
  28  2:29  Zergling x4  
  30  2:35  Drone x2  
  32  2:46  Baneling Nest  
  32  2:50  Drone x2  
  33  2:55  Drone  
  34  3:04  Overlord  
  34  3:12  Overlord  
  34  3:13  Drone  
  35  3:21  Overlord  
  34  3:30  Drone x7  
  36  3:43  Zergling x2  
  36  3:44  Zergling x2  
  38  3:49  Zergling x16  
  46  3:57  Spine Crawler  
  45  4:03  Baneling x3  
  45  4:04  Baneling  
  45  4:09  Drone x4  
  44  4:30  Zergling x20  
  47  4:39  Zergling x4  
Show
View Real Time Build Order
Export as new Build Order

NightOwl Zerg - Winner!

Build Orders: Hatch First, Zergling Baneling 

Get SALT Encoding   

  12  0:08  Drone x2  
  14  0:17  Overlord  
  14  0:25  Drone, Extractor  
  15  0:37  Drone  
  16  0:51  Hatchery  
  16  0:55  Drone  
  16  0:56  Extractor  
  15  0:59  Drone  
  16  1:15  Spawning Pool  
  15  1:20  Drone  
  15  1:23  Drone  
  17  1:27  Drone  
  18  1:35  Overlord  
  18  1:45  Drone  
  19  2:01  Zergling x2  
  19  2:05  Queen x2  
  24  2:12  Metabolic Boost  
  24  2:17  Drone  
  24  2:18  Drone  
  27  2:22  Drone  
  27  2:34  Baneling Nest, Zergling x2  
  27  2:35  Zergling x2  
  28  2:39  Zergling x2  
  30  2:44  Drone  
  30  2:45  Drone  
  30  2:49  Zergling x2  
  32  2:52  Zergling x2  
  32  2:57  Zergling x2  
  34  3:01  Zergling x2  
  35  3:07  Overlord  
  35  3:15  Zergling x2  
  36  3:24  Overlord  
  34  3:28  Zergling x12  
  34  3:29  Zergling x2  
  41  3:38  Zergling x2  
  42  3:47  Zergling x12  
  48  3:56  Baneling x2  
  48  3:58  Baneling x3  
  48  3:59  Baneling  
  48  4:02  Baneling x5  
  48  4:10  Zergling x6  
  46  4:28  Zergling x2  
  46  4:29  Zergling x12  
  50  4:32  Baneling x3  
  50  4:37  Zergling x4  
  50  4:44  Zergling x2  
Tags
 
Add a new tag
Caveats
  • Supply blocks, unpowered buildings, or Contaminate may cause inaccurate times.
  • Supply counts are checked every 10 seconds.